Map: [ESL] Waterfall

Players

Bioice - Winner!

  • Race: Zerg Zerg
  • Spawn Location: 7:00

Vindicta

  • Race: Terran Terran
  • Spawn Location: 1:00

Event: DreamHack SC2 Masters 2022 Atlanta (Online)

VOD

Have the link to the VOD?

Description

Time

  • Played on: Oct. 9, 2022, 2:55 p.m.
  • Length: 15:51

All games in this series

Show
View Real Time Build Order
Export as new Build Order

Bioice Zerg - Winner!

Build Orders: Hatch First 

Get SALT Encoding   

  12  0:00  Drone  
  13  0:13  Overlord  
  13  0:17  Drone  
  14  0:31  Drone x2  
  16  0:49  Hatchery  
  15  0:51  Drone  
  15  0:55  Drone  
  17  0:58  Drone  
  18  1:05  Extractor  
  17  1:14  Spawning Pool  
  17  1:17  Drone  
  17  1:21  Drone  
  18  1:28  Drone  
  19  1:39  Drone  
  20  1:50  Drone  
  21  2:01  Queen x2  
  21  2:03  Zergling x4  
  27  2:21  Overlord  
  26  2:33  Drone  
  26  2:34  Drone  
  27  2:42  Queen  
  27  2:43  Drone x3  
  27  2:44  Hatchery  
  30  2:47  Metabolic Boost  
  30  2:51  Drone  
  31  2:53  Drone  
  32  2:59  Overlord  
  32  3:02  Drone  
  32  3:05  Drone  
  34  3:06  Drone  
  34  3:12  Drone  
  36  3:14  Overlord  
  36  3:19  Overlord  
  36  3:22  Drone x2  
  38  3:27  Queen  
  38  3:33  Queen  
  42  3:35  Drone  
  42  3:37  Drone  
  42  3:39  Drone  
  45  3:45  Drone  
  46  3:50  Zergling x4  
  46  3:55  Zergling x4, Drone  
  50  3:56  Drone x3  
  50  3:58  Drone  
  55  4:03  Queen  
  55  4:07  Spore Crawler  
  55  4:08  Drone  
  58  4:10  Drone x2  
  58  4:13  Queen  
  62  4:19  Drone x2  
  62  4:22  Overlord  
  63  4:24  Drone x2  
  63  4:25  Drone  
  66  4:33  Overlord  
  66  4:37  Lair  
  66  4:38  Overlord x2  
  66  4:44  Extractor  
  65  4:46  Zergling x2  
  65  4:47  Zergling x6  
  65  4:48  Zergling x2  
  65  4:49  Zergling x2  
  65  4:51  Zergling x2  
  65  4:52  Zergling x2  
  73  4:55  Zergling x6  
  76  5:01  Zergling x4, Baneling Nest  
  76  5:03  Zergling x2  
  76  5:04  Zergling x4  
  76  5:05  Zergling x2  
  81  5:15  Zergling x2  
  81  5:16  Zergling x8  
  86  5:26  Drone x6  
  92  5:31  Drone  
  92  5:33  Evolution Chamber  
  92  5:34  Evolution Chamber  
  92  5:35  Drone  
  92  5:37  Drone x2  
  92  5:38  Drone x2  
  92  5:40  Drone  
  97  5:49  Drone  
  98  5:51  Hatchery  
  98  5:52  Overlord  
  98  5:54  Extractor x2  
  94  6:04  Drone x3  
  97  6:14  Drone x6  
  97  6:18  Zerg Ground Armor Level 1, Centrifugal Hooks  
  103  6:20  Overlord  
  103  6:26  Drone x2  
  103  6:27  Extractor  
  103  6:31  Overlord x2  
  104  6:33  Baneling x5  
  97  6:43  Zerg Melee Weapons Level 1  
  97  6:44  Baneling x5  
  97  6:45  Zergling x6  
  100  6:48  Overlord  
  100  6:49  Hatchery, Overlord  
  100  6:54  Zergling x12  
  100  6:56  Baneling x5  
  104  7:03  Zergling x2  
  104  7:04  Zergling x10  
  104  7:08  Hatchery  
  109  7:11  Zergling x6  
  109  7:14  Queen  
  114  7:16  Zergling x2  
  114  7:19  Baneling x2  
  114  7:22  Zergling x2  
  116  7:23  Zergling x14  
  119  7:33  Zergling x2  
  119  7:36  Zergling x12  
  115  7:37  Queen  
  115  7:44  Zergling x2  
  115  7:45  Zergling x4  
  115  7:51  Zergling x14  
  121  7:56  Zergling x6  
  119  8:05  Zergling x8  
  118  8:09  Zergling x4  
  117  8:14  Zergling x2  
  117  8:19  Zergling x18  
  115  8:25  Zergling x2  
  111  8:29  Zerg Ground Armor Level 2  
  111  8:30  Spire  
  111  8:33  Drone  
  111  8:34  Drone x3  
  111  8:35  Baneling x10  
  111  8:37  Baneling x13  
  111  8:38  Zerg Melee Weapons Level 2  
  111  8:41  Extractor  
  110  8:44  Drone x10  
  110  8:45  Infestation Pit  
  120  8:49  Zergling x6  
  120  8:51  Baneling  
  120  8:52  Baneling x2  
  123  8:57  Zergling x8  
  123  9:01  Spore Crawler  
  123  9:02  Drone x3  
  129  9:03  Spore Crawler, Drone  
  129  9:04  Spore Crawler  
  129  9:05  Spore Crawler  
  129  9:07  Zergling x8  
  129  9:08  Overseer  
  129  9:09  Overseer  
  131  9:15  Baneling x6  
  131  9:16  Zergling x2  
  129  9:26  Zergling x24  
  129  9:27  Zergling x2  
  129  9:28  Overseer  
  141  9:34  Zergling x12  
  141  9:35  Zergling x2  
  142  9:48  Zergling x6  
  130  9:54  Zergling x2  
  130  9:57  Zergling x2  
  130  9:58  Zergling x24  
  137  10:00  Baneling x9  
  137  10:01  Baneling x12  
  136  10:09  Hive  
  136  10:10  Zergling x12  
  127  10:27  Zergling x2  
  127  10:28  Zergling x18  
  134  10:30  Overlord x5  
  134  10:31  Baneling  
  134  10:32  Baneling x3  
  133  10:44  Hatchery  
  133  10:47  Zergling x10  
  117  10:57  Zergling x20  
  117  11:00  Zergling x2  
  124  11:05  Zergling x4  
  118  11:13  Zergling x14  
  118  11:16  Baneling x13  
  125  11:19  Baneling x20  
  125  11:20  Zergling x2, Baneling x7  
  125  11:25  Viper x2  
  132  11:26  Viper  
  132  11:30  Baneling  
  132  11:31  Baneling x6  
  135  11:33  Baneling x2  
  135  11:34  Baneling  
  135  11:43  Zergling x24  
  142  11:52  Zerg Ground Armor Level 3  
  142  11:53  Zergling x16  
  150  11:58  Zergling x2  
  135  12:04  Zergling x12  
  133  12:12  Baneling x11  
  132  12:17  Zergling x12  
  132  12:21  Hatchery  
  137  12:30  Zerg Melee Weapons Level 3  
  137  12:31  Zergling x2  
  130  12:38  Zergling x2  
  130  12:39  Zergling x30  
  145  12:47  Overseer x2  
  145  12:49  Baneling x7  
  145  12:52  Zergling x14  
  152  13:00  Zergling x12  
  152  13:01  Baneling x3  
  152  13:02  Baneling x3  
  158  13:19  Zergling x4  
  154  13:29  Adrenal Glands  
  154  13:30  Zergling x2  
  154  13:31  Zergling x10  
  155  13:41  Zergling x42  
  161  13:50  Baneling x14  
  161  13:57  Zergling x2  
  161  13:58  Zergling x2  
  161  14:04  Baneling x10  
  161  14:05  Zergling x10  
  163  14:12  Zergling x2  
  163  14:16  Overlord x3  
  161  14:21  Baneling x9  
  156  14:28  Drone x8  
  156  14:31  Spore Crawler x2  
  162  14:36  Zergling x2  
  162  14:37  Zergling x18  
  137  14:51  Zergling x8  
  137  14:52  Zergling x4  
  125  14:54  Zergling x24  
  125  14:56  Zergling x2, Baneling  
  125  14:57  Baneling x3  
  125  14:58  Zergling x2, Baneling x3  
  125  14:59  Baneling x2  
  139  15:01  Zergling x2  
  139  15:02  Baneling x5  
  140  15:07  Zergling x2  
  140  15:13  Baneling x5  
  141  15:21  Hatchery  
  141  15:22  Zergling x4  
  141  15:23  Zergling x12  
  148  15:30  Zergling x2  
  148  15:31  Zergling x10  
Show
View Real Time Build Order
Export as new Build Order

Vindicta Terran 

Build Orders: Reaper Expand 

Get SALT Encoding   

  12  0:00  SCV  
  13  0:12  SCV  
  14  0:17  Supply Depot  
  14  0:24  SCV  
  15  0:38  SCV  
  15  0:39  Barracks  
  16  0:44  Refinery  
  16  0:50  SCV  
  17  1:03  SCV  
  18  1:15  SCV  
  19  1:26  Reaper  
  19  1:27  Orbital Command  
  20  1:41  Command Center  
  20  1:53  Barracks  
  20  1:55  SCV  
  20  1:59  Barracks Reactor  
  21  2:07  SCV  
  22  2:10  Supply Depot  
  22  2:19  SCV  
  22  2:20  Refinery  
  23  2:31  Factory  
  23  2:32  SCV  
  24  2:38  Marine x2  
  26  2:44  SCV, Barracks Tech Lab  
  27  2:55  Marine  
  27  2:56  SCV, Orbital Command  
  29  3:00  Marine  
  29  3:05  Stimpack  
  30  3:08  Marine  
  30  3:10  SCV  
  32  3:13  Marine  
  33  3:21  Starport  
  33  3:22  SCV  
  33  3:24  Marine  
  35  3:27  Factory Reactor  
  35  3:29  SCV  
  36  3:34  SCV  
  36  3:35  Supply Depot  
  36  3:38  Marine  
  36  3:39  Marine  
  40  3:41  SCV  
  40  3:44  Marine  
  40  3:46  SCV  
  42  3:53  SCV  
  43  3:55  Marine  
  43  3:57  Marine  
  43  3:58  SCV  
  43  4:02  Marine  
  46  4:05  SCV  
  46  4:09  Medivac x2  
  51  4:13  Supply Depot, SCV, Marine  
  51  4:16  Marine  
  54  4:34  SCV x2, Marine x3  
  54  4:37  Command Center  
  54  4:38  Supply Depot  
  59  4:45  Combat Shield  
  59  4:46  Medivac  
  59  4:49  SCV  
  62  4:59  Widow Mine, Marine x3  
  67  5:02  Supply Depot, SCV  
  68  5:08  Engineering Bay x2  
  68  5:17  SCV, Marine  
  68  5:18  Barracks  
  70  5:23  SCV, Marine  
  70  5:25  Supply Depot  
  70  5:27  Refinery, Marine  
  73  5:28  Refinery  
  73  5:29  SCV, Factory Reactor  
  73  5:32  Starport Reactor  
  73  5:35  Marine  
  75  5:36  SCV  
  75  5:37  Terran Infantry Weapons Level 1  
  75  5:39  Terran Infantry Armor Level 1  
  75  5:41  Marine  
  77  5:46  SCV  
  77  5:48  SCV  
  79  5:50  Orbital Command  
  79  5:54  Marine  
  79  5:55  Marine  
  81  5:59  Marine  
  80  6:04  SCV  
  80  6:05  SCV, Marine  
  80  6:08  Widow Mine  
  80  6:09  Widow Mine  
  87  6:12  Marine  
  87  6:14  Orbital Command  
  87  6:17  SCV x2  
  90  6:19  Medivac x2  
  90  6:23  Supply Depot, Marine  
  95  6:26  Marine x2  
  95  6:29  SCV x2  
  99  6:33  Marine x2  
  97  6:41  SCV x3, Marine  
  97  6:44  Marine x2  
  97  6:45  Widow Mine  
  103  6:51  Marine x2  
  103  6:53  Widow Mine  
  107  6:55  Armory  
  107  6:56  SCV  
  107  6:59  Marine  
  109  7:02  Marine  
  109  7:04  Marine  
  109  7:08  SCV x2  
  109  7:09  Marine  
  109  7:14  Marine  
  114  7:15  Barracks  
  114  7:16  Widow Mine  
  114  7:17  Barracks  
  114  7:20  SCV  
  116  7:24  SCV, Factory  
  116  7:25  Supply Depot  
  116  7:26  Marine  
  116  7:28  Marine x3  
  98  7:44  Marine  
  91  7:46  Widow Mine, Marine x3  
  91  7:47  Widow Mine  
  97  7:51  SCV x2, Factory  
  97  7:54  Marine  
  97  8:01  Marine  
  97  8:02  Orbital Command, Marine  
  97  8:04  Marine x2  
  99  8:07  Marine  
  99  8:08  Widow Mine x2  
  99  8:12  Marine  
  99  8:13  Orbital Command x3  
  93  8:22  Marine  
  93  8:29  Widow Mine  
  94  8:40  SCV  
  94  8:41  Barracks Tech Lab  
  95  8:42  SCV x2  
  95  8:44  Widow Mine  
  95  8:47  Marine  
  100  8:48  Barracks Reactor  
  100  8:49  Marine  
  100  8:50  Marine x2  
  100  8:52  SCV, Marine  
  107  8:59  Terran Infantry Weapons Level 2  
  107  9:01  Terran Infantry Armor Level 2  
  105  9:05  SCV, Marine  
  105  9:07  Marine  
  105  9:08  Marine  
  105  9:09  Supply Depot  
  109  9:10  Supply Depot  
  109  9:21  Marine  
  109  9:22  SCV, Widow Mine  
  106  9:24  Marine  
  106  9:27  Marine  
  106  9:28  Marine  
  106  9:30  SCV, Marine  
  111  9:34  SCV, Orbital Command  
  111  9:37  Widow Mine x2  
  113  9:38  Marine  
  113  9:42  SCV, Marine x3  
  113  9:43  Widow Mine  
  118  9:45  Marine  
  118  9:46  SCV  
  118  9:47  Marine  
  118  9:48  Marine  
  114  9:56  Marine  
  114  9:57  SCV  
  114  9:59  Widow Mine, Marine  
  116  10:02  Supply Depot x2  
  116  10:03  Supply Depot  
  117  10:12  Supply Depot  
  117  10:15  SCV  
  117  10:16  SCV  
  117  10:18  SCV, Marine x2  
  117  10:19  Marine x2  
  117  10:20  Widow Mine, Marine x3  
  117  10:21  Medivac, Widow Mine  
  117  10:22  Widow Mine  
  117  10:27  SCV, Drilling Claws  
  116  10:29  SCV  
  116  10:33  Liberator  
  120  10:36  SCV  
  120  10:37  Marine  
  120  10:38  Orbital Command  
  120  10:41  Widow Mine, Marine  
  125  10:44  Marine  
  125  10:45  Marine  
  125  10:48  Marine x2  
  126  10:52  Marine  
  126  10:55  Marine  
  103  10:59  Marine  
  103  11:02  Medivac  
  104  11:07  SCV  
  104  11:09  Marine  
  107  11:11  Marine x2  
  107  11:12  Marine  
  107  11:14  Marine x2  
  111  11:24  Marine  
  113  11:25  SCV x2  
  113  11:27  Marine  
  113  11:29  Marine x3  
  119  11:33  Marine x2  
  119  11:37  Widow Mine  
  119  11:39  SCV x2  
  125  11:41  Marine  
  125  11:45  Marine  
  123  11:47  Armory, Widow Mine x2, Marine x3  
  123  11:51  Marine x2  
  132  11:59  Marine  
  111  12:02  Marine  
  111  12:05  Marine x3  
  102  12:09  Marine  
  102  12:13  Medivac  
  102  12:15  Medivac  
  107  12:20  Widow Mine  
  107  12:22  Widow Mine  
  111  12:23  SCV  
  111  12:27  Widow Mine  
  114  12:34  Marine  
  110  12:40  SCV  
  110  12:42  Widow Mine  
  110  12:43  Medivac  
  115  12:44  SCV  
  115  12:45  Medivac  
  115  12:48  Widow Mine  
  120  12:52  Marine x2  
  120  12:55  Supply Depot, Marine x2  
  120  12:56  Marine  
  127  12:58  Widow Mine  
  127  13:02  Marine x2  
  127  13:03  Widow Mine  
  130  13:10  Widow Mine, Marine x2  
  130  13:12  Marine  
  134  13:14  Marine x2  
  133  13:20  Marine  
  133  13:24  Orbital Command, Marine  
  134  13:28  Marine  
  134  13:31  Widow Mine x2  
  134  13:44  Supply Depot  
  134  13:46  SCV  
  135  13:52  Marine  
  135  13:53  Marine x2  
  137  14:06  Marine  
  137  14:07  Marine  
  130  14:16  Marine  
  131  14:19  Marine  
  131  14:21  Marine x2  
  131  14:23  Marine  
  133  14:24  Marine  
  133  14:26  Liberator, Widow Mine  
  139  14:31  Marine  
  139  14:35  Marine  
  139  14:37  Marine  
  125  14:38  Marine  
  125  14:40  Marine  
  125  14:41  Marine  
  125  14:42  Marine  
  90  14:49  Marine  
  80  14:53  Marine  
  80  14:55  Marine  
  80  14:56  Marine  
  80  14:59  Barracks x2, SCV  
  87  15:00  Widow Mine  
  87  15:01  Marine  
  88  15:09  Marine  
  88  15:11  SCV, Orbital Command  
  88  15:12  Marine  
  88  15:13  Marine  
  92  15:18  Marine x2  
  92  15:20  Marine  
  94  15:29  SCV x2  
Tags
 
Add a new tag
Caveats
  • Supply blocks, unpowered buildings, or Contaminate may cause inaccurate times.
  • Supply counts are checked every 10 seconds.